 Dungeon Crawl Stone Soup version 0.29-a0-222-g5b244fca1f (webtiles) character file.

Game seed: 7538916752556257494

29 ReploidZero the Shield-Bearer (level 3, 0/20 HPs)
             Began as a Vine Stalker Fighter on Feb 27, 2022.
             Splashed by a jelly's acid (6 damage)
             ... on level 2 of the Dungeon.
             The game lasted 00:01:08 (853 turns).

ReploidZero the Shield-Bearer (Vine Stalker Fighter) Turns: 853, Time: 00:01:08

Health: 0/20       AC:  2    Str: 20    XL:     3   Next: 16%
Magic:  0/4        EV:  9    Int:  8    God:
Gold:   33         SH:  4    Dex: 13    Spells: 2/2 levels left

rFire   . . .      SeeInvis .   a - +0 flail
rCold   . . .      Faith    .   c - +0 buckler
rNeg    . . .      Spirit   +   b - +0 scale mail
rPois   .          Reflect  .   (no helmet)
rElec   .          Harm     .   (no cloak)
rCorr   .          Rampage  .   (no gloves)
Will    .....                   (no boots)
Stlth   ..........              (no amulet)
HPRegen 0.06/turn               (no ring)
MPRegen 0.09/turn               (no ring)

@: corroded
A: fangs 2, magic shield, antimagic bite, no potion heal 2
a: no special abilities


You were on level 2 of the Dungeon.
You visited 1 branch of the dungeon, and saw 2 of its levels.

You collected 33 gold pieces.

Inventory:

Hand Weapons
 a - a +0 flail (weapon)
Armour
 b - a +0 scale mail (worn)
 c - a +0 buckler (worn)
Jewellery
 h - a ring of wizardry
Scrolls
 e - a scroll of magic mapping {unknown}
 f - a scroll of brand weapon {unknown}
 g - a scroll of identify {unknown}
Potions
 d - a potion of might
 i - a potion of curing {unknown}
 j - a potion of lignification {unknown}


   Skills:
 + Level 3.0 Fighting
 + Level 2.2 Maces & Flails
 + Level 2.7 Armour
 + Level 3.0 Shields


You had 2 spell levels left.
You didn't know any spells.
Your spell library was empty.

Dungeon Overview and Level Annotations

Branches:
Dungeon (2/15)

Altars:


Innate Abilities, Weirdness & Mutations

You have extremely sharp teeth.
When hurt, damage is shared between your health and your magic reserves.
Your bite disrupts and absorbs the magic of your enemies.
Potions cannot restore your health.


Message History

The goblin hits you but does no damage.
You sock the goblin!
You kill the goblin!
No target in view!
No target in view!
You can't go up here!
Magic restored.
A goblin comes into view. It is wielding a +0 club.
A goblin is nearby!
A goblin is nearby!
A goblin is nearby!
A goblin is nearby!
The goblin shouts!
There is a stone staircase leading up here.
The goblin hits you with a +0 club.
You hit the goblin but do no damage. The goblin hits you with a +0 club.
You sock the goblin!
You kill the goblin!
No target in view!
No target in view!
HP restored.
Items here: ( ) [ †.
There is a stone staircase leading up here.
Things that are here:
a +0 club; a goblin corpse You now have 24 gold pieces (gained 8).
You now have 33 gold pieces (gained 9).
A jelly comes into view.
The jelly quivers.
A jelly is nearby!
A jelly is nearby!
A jelly is nearby!
A jelly is nearby!
The jelly jiggles.
The jelly hits you. The acid corrodes you!
You are splashed with acid!
You hit the jelly but do no damage.
Your hands burn!
Your bite misses the jelly. The jelly hits you.
* * * LOW HITPOINT WARNING * * *
You are splashed with acid.
You die...

#....... #....#.#
## #####....#.# ...
#####......###.#
#..
........###.##.##.#
####......##.....#
#....#####...##
.#####....# #....$#
.....##.###
#.##@##.# #..>..#
#.###J# .#
##.#..###<.##.# #
#...)....###.#
###..###......
#.<#...####.
..##.....# #
#....#...#
###....).#


You could see a jelly.

Vanquished Creatures
  4 endoplasms
  2 giant cockroaches (D:1)
  7 goblins
  2 hobgoblins (D:1)
  3 kobolds (D:1)
  A quokka (D:1)
  3 ball pythons (D:1)
  2 frilled lizards (D:1)
  A rat (D:1)
25 creatures vanquished.

Notes
Turn   | Place    | Note
-------+----------+-------------------------------------------
     0 | D:1      | ReploidZero the Vine Stalker Fighter began the quest for
                  | the Orb.
     0 | D:1      | Reached XP level 1. HP: 11/11 MP: 2/2
    57 | D:1      | Reached XP level 2. HP: 8/16 MP: 3/3
   554 | D:1      | Reached XP level 3. HP: 17/20 MP: 4/4
   853 | D:2      | Splashed by a jelly's acid

Illustrated notes

Levels and vault maps discovered:
D:1:      dpeg_arrival_refuge, layout_rooms
D:2:      layout_rooms, dreamdust_ecumenical_altar_drowned_temple,
          hex_intersection, minmay_pentomino_x4

Skill      XL: |  1  2 |
---------------+-------+-----
Maces & Flails | 2 |  2.2
Shields        | 3 |  3.0
Fighting       | 3 |  3.0
Armour         | |  2.7

Action                   || total
-------------------------++-------
Melee: Flail             ||    59
       Bite              ||    16
Armor: Scale mail        ||    23
Dodge: Dodged            ||    17
Block: Buckler           ||    14

Table legend: (Time is in decaauts)
 A = Elapsed time spent in this place.
 B = Non-inter-level travel time spent in this place.
 C = Inter-level travel time spent in this place.
 D = Time resting spent in this place.
 E = Time spent auto-exploring this place.
 F = Levels seen in this place.
 G = Mean time per level.
                   A        B        C        D        E       F      G
               +--------+--------+--------+--------+--------+-----+--------+
         Total |    872 |    856 |     16 |      0 |    698 |   2 |  436.0 |
       Dungeon |    872 |    856 |     16 |      0 |    698 |   2 |  436.0 |
               +--------+--------+--------+--------+--------+-----+--------+

Top non-repeatable levels by time:
     D:1: 693 daAuts
     D:2: 178 daAuts
